 Dungeon Crawl Stone Soup version 0.24.0-123-gd5b16e6ec5 (webtiles) character file.

Game seed: 14372573481269898858, levelgen mode: deterministic

7987 Delamore the Cleaver (level 11, -7/92 HPs)
             Began as a Formicid Fighter on Jan 9, 2020.
             Was an Elder of Okawaru.
             Mangled by an alligator simulacrum (27 damage)
             ... in an ice cave.
             The game lasted 00:11:33 (10603 turns).

Delamore the Cleaver (Formicid Fighter)            Turns: 10603, Time: 00:11:34

Health: -7/92      AC: 16    Str: 29    XL:     11   Next: 47%
Magic:  11/11      EV:  5    Int:  8    God:    Okawaru [****..]
Gold:   451        SH: 13    Dex: 10    Spells: 10/10 levels left

rFire    . . .     SeeInvis +   u - +2 hand axe (drain)
rCold    . . .     Gourm    .   c - +1 shield
rNeg     . . .     Faith    .   G - +0 plate armour
rPois    .         Spirit   .   (helmet unavailable)
rElec    .         Reflect  +   (no cloak)
rCorr    .         Harm     .   (no gloves)
MR       +....                  q - +0 pair of boots
Stlth    ..........             l - +2 amulet of reflection
HPRegen  0.25/turn              p - +4 ring of protection
MPRegen  0.12/turn              (no ring)

@: mighty, lethally poisoned (-7 -> -8)
A: permanent stasis, dig shafts and tunnels, four strong arms, antennae 3
a: Dig, Shaft Self, Heroism, Renounce Religion


You were in an ice cave.
You worshipped Okawaru.
Okawaru was greatly pleased with you.
You were not hungry.

You visited 3 branches of the dungeon, and saw 11 of its levels.
You also visited: Ice Cave.

You collected 451 gold pieces.

Inventory:

Hand Weapons
 a - a +0 war axe
 u - a +2 hand axe of draining (weapon)
Missiles
 o - a throwing net (quivered)
 H - a javelin
Armour
 b - a +0 scale mail
 c - a +1 shield (worn)
 q - a +0 pair of boots (worn)
 G - a +0 plate armour (worn)
Jewellery
 k - an uncursed ring of ice
 l - a +2 amulet of reflection (around neck)
 p - a +4 ring of protection (left hand)
Wands
 y - a wand of flame (32)
Scrolls
 h - 5 scrolls of remove curse
 j - a scroll of blinking
 m - 2 scrolls of magic mapping
 s - a scroll of noise
 v - a scroll of fear
 F - 3 scrolls of enchant armour
 J - a scroll of amnesia
 K - a scroll of enchant weapon
Potions
 d - 2 potions of might
 i - a potion of berserk rage {unknown}
 r - 2 potions of agility {unknown}
 t - 5 potions of curing {unknown}
 w - a potion of flight {unknown}
 x - a potion of mutation {unknown}
 z - 3 potions of lignification {unknown}
 A - a potion of cancellation {unknown}
 B - 2 potions of haste {unknown}
 E - a potion of ambrosia
Comestibles
 f - 12 rations
 g - 5 chunks of flesh


   Skills:
 + Level 10.3 Fighting
 + Level 14.0 Axes
 - Level 3.2 Armour
 - Level 3.6 Shields


You had 10 spell levels left.
You didn't know any spells.
Your spell library contained the following spells:

 Spells                   Type           Power        Failure   Level  Hunger
 Animate Skeleton         Necr           N/A          100%        1    ##.....
 Apportation              Tloc           #.....       100%        1    ##.....
 Confusing Touch          Hex            #.....       100%        1    ##.....
 Summon Small Mammal      Summ           #...         100%        1    ##.....


Dungeon Overview and Level Annotations

Branches:
Dungeon (9/15)             Temple (1/1) D:6            Lair (1/6) D:9
  IceCv (1/1)
    Orc: D:9-12

Altars:
Ashenzari
Cheibriados
Dithmenos
Elyvilon
Fedhas
Gozag
Hepliaklqana
Kikubaaqudgha
Makhleb
Nemelex Xobeh
Okawaru
Qazlal
Ru
Sif Muna
Trog
Uskayaw
Vehumet
Wu Jian
Xom
Yredelemnul
Zin
The Shining One


Innate Abilities, Weirdness & Mutations

You cannot be hasted, slowed, berserked, paralysed or teleported.
You can dig through walls and to a lower floor.
Your four strong arms can wield two-handed weapons with a shield.
You have a pair of large antennae on your head. (SInv)


Message History

There is a frozen archway here.
The world spins around you as you enter the gateway.
You enter an ice cave!
Beware, you cannot shaft yourself on this level. 4 simulacra come into view.
Found an ice covered gate leading back out of this place.
There is an ice choked empty arch of ancient stone here.
There are monsters nearby!
Okay, then.
You feel sick. The wolf simulacrum barely misses you.
You slash the wolf simulacrum!
The wolf simulacrum is severely damaged.
You hit the alligator simulacrum.
The wolf simulacrum bites you but does no damage.
You block the alligator simulacrum's attack.
The alligator simulacrum tail-slaps you.
* * * LOW HITPOINT WARNING * * *
The alligator simulacrum freezes you!!
You die...

#### ###
##..##
##..##....##
##..ZZ......#
#....Z@.∩.∩.#
....##Z......#
# ###....##
##..## ####


You could see a wolf simulacrum, an alligator simulacrum and 2 death yak
simulacra.

Vanquished Creatures
  A two-headed ogre (D:9)
  An unseen horror (D:8)
  Pikel (D:5)
  2 rime drakes (Lair:1)
  A spiny frog (Lair:1)
  Prince Ribbit (D:5)
  2 hippogriffs
  Sigmund (D:3)
  A spriggan (D:8)
  2 yaks
  A hungry ghost (D:4)
  2 porcupines
  An orc warrior (D:5)
  2 ice beasts
  4 slaves (D:5)
  A sky beast (D:5)
  3 black bears
  3 ogres
  3 centaurs
  A crocodile (D:9)
  9 bullfrogs
  A gnoll sergeant (D:5)
  4 scorpions
  6 killer bees
  4 howler monkeys
  6 electric eels (D:7)
  5 crimson imps
  4 hounds
  A gnoll shaman (D:7)
  A jelly (D:8)
  6 orc priests
  2 bullfrog skeletons
  A centaur skeleton (D:6)
  13 orc wizards
  4 worker ants
  A hound skeleton (D:6)
  8 gnolls
  13 adders
  A shadow imp (D:5)
  2 oozes
  An adder skeleton (D:4)
  3 worms
  3 dart slugs
  2 leopard geckos (D:5)
  28 orcs
  9 bats
  9 giant cockroaches
  8 goblins
  12 hobgoblins
  3 jackals (D:5)
  2 quokkas
  2 ball pythons
  7 frilled lizards
  A jackal skeleton (D:4)
  8 kobolds
  2 leopard gecko skeletons
  10 rats
236 creatures vanquished.

Vanquished Creatures (others)
  A gnoll (D:6)
  A fungus (D:9)
2 creatures vanquished.

Grand Total: 238 creatures vanquished

Notes
Turn   | Place    | Note
-------+----------+-------------------------------------------
     0 | D:1      | Delamore the Formicid Fighter began the quest for the Orb.
     0 | D:1      | Reached XP level 1. HP: 18/18 MP: 1/1
   166 | D:1      | Reached XP level 2. HP: 24/24 MP: 2/2
   267 | D:1      | Reached skill level 3 in Axes
   357 | D:1      | Reached XP level 3. HP: 22/29 MP: 3/3
  1261 | D:2      | Reached skill level 4 in Axes
  1261 | D:2      | Reached XP level 4. HP: 30/35 MP: 4/4
  1661 | D:3      | Reached XP level 5. HP: 29/41 MP: 5/5
  1765 | D:3      | Reached skill level 5 in Axes
  1981 | D:3      | Found a hazy altar of Hepliaklqana.
  2095 | D:3      | Noticed Sigmund
  2104 | D:3      | Killed Sigmund
  2104 | D:3      | Reached skill level 6 in Axes
  2104 | D:3      | Reached XP level 6. HP: 29/47 MP: 6/6
  2320 | D:3      | Reached XP level 7. HP: 7/52 MP: 7/7
  2587 | D:4      | Reached skill level 7 in Axes
  3045 | D:4      | Noticed a hippogriff
  3054 | D:4      | Killed a hippogriff
  3054 | D:4      | Reached skill level 8 in Axes
  3410 | D:4      | Noticed a hungry ghost
  3415 | D:4      | Reached XP level 8. HP: 40/58 MP: 8/8
  3437 | D:4      | Reached skill level 9 in Axes
  3724 | D:4      | Got a scorched leather armour
  3735 | D:4      | Identified the +2 leather armour "Jujea" {rElec Str-4 Int+5
                  | Stlth+} (You found it on level 4 of the Dungeon)
  3799 | D:5      | Entered Level 5 of the Dungeon
  3881 | D:5      | Noticed Prince Ribbit
  4221 | D:5      | Killed Prince Ribbit
  4221 | D:5      | Reached skill level 10 in Axes
  4313 | D:5      | Noticed Pikel
  4333 | D:5      | Killed Pikel
  4333 | D:5      | Reached skill level 11 in Axes
  4333 | D:5      | Reached XP level 9. HP: 44/64 MP: 9/9
  5273 | D:5      | Reached skill level 5 in Fighting
  5480 | D:5      | Reached skill level 12 in Axes
  5765 | D:6      | Reached XP level 10. HP: 72/76 MP: 10/10
  6189 | D:6      | Found a staircase to the Ecumenical Temple.
  6200 | Temple   | Entered the Ecumenical Temple
  6423 | Temple   | Became a worshipper of Warmaster Okawaru
  6969 | D:7      | Found an ornate altar of the Wu Jian Council.
  6969 | D:7      | Found an opulent altar of Gozag.
  6971 | D:7      | Found a sparkling altar of Nemelex Xobeh.
  6971 | D:7      | Found a shimmering blue altar of Sif Muna.
  6973 | D:7      | Found a white marble altar of Elyvilon.
  6974 | D:7      | Found a glowing silver altar of Zin.
  8573 | D:8      | Reached * piety under Okawaru
  8598 | D:8      | Noticed an unseen horror
  8627 | D:8      | Killed an unseen horror
  8627 | D:8      | Reached skill level 13 in Axes
  9274 | D:9      | Noticed a two-headed ogre
  9289 | D:9      | Killed a two-headed ogre
  9289 | D:9      | Reached ** piety under Okawaru
  9542 | D:9      | Reached XP level 11. HP: 81/87 MP: 11/11
  9546 | D:9      | Reached *** piety under Okawaru
  9785 | D:9      | Found a burning altar of Makhleb.
 10034 | D:9      | Found a radiant altar of Vehumet.
 10140 | D:9      | Found a staircase to the Lair.
 10256 | D:9      | Reached skill level 10 in Fighting
 10540 | Lair:1   | Entered Level 1 of the Lair of Beasts
 10560 | Lair:1   | Found a frozen archway.
 10569 | Lair:1   | HP: 3/90 [rime drake/flash freeze (24)]
 10579 | Lair:1   | Reached **** piety under Okawaru
 10579 | Lair:1   | Reached skill level 14 in Axes
 10600 | IceCv    | Entered an ice cave
 10603 | IceCv    | Mangled by an alligator simulacrum

Levels and vault maps discovered:
D:1:      onia_arrival_mini_maze, layout_basic, minmay_pentomino_p2
D:2:      layout_basic
D:3:      layout_basic, lemuel_round_altar, uniq_sigmund
D:4:      layout_basic, minmay_divided_ellipse
D:5:      layout_loops_cross, first_ration, uniq_prince_ribbit1, uniq_pikel
D:6:      lemuel_upstairs_altar, layout_loops_ring, temple_doors_e,
          minmay_misc_feat_five, grunt_tough_drop
D:7:      layout_gridville, grunt_temple_overflow_open, serial_bayou_lake_a
D:8:      layout_layer_cave, grunt_pizzeria
D:9:      layout_irregular_city, grunt_temple_overflow_lords_of_destruction,
          due_lair_maze_entry_diamond
Temple:   oiseaux_autumnal_temple
Lair:1:   layout_hall_layers, portal_ice_cave_rime, grunt_megastairs_2
IceCv:    ice_cave_small_necro

Skill      XL: |  1  2  3  4  5  6  7  8  9 10 11 |
---------------+----------------------------------+-----
Axes           | 3 4 6 8 11 12 13 14 | 14.0
Fighting       | 5 8 10 | 10.3
Armour         | |  3.2
Shields        | |  3.6

Action                   |  1- 3 |  4- 6 |  7- 9 | 10-12 || total
-------------------------+-------+-------+-------+-------++-------
Melee: War axe           |    96 |   131 |    53 |       ||   280
       Hand axe          |       |       |   303 |   298 ||   601
Throw: Throwing net      |       |       |       |     1 ||     1
 Abil: Dig               |       |       |       |     4 ||     4
Evoke: Wand              |       |       |       |     4 ||     4
  Use: Scroll            |     1 |     3 |       |     9 ||    13
       Potion            |       |       |     2 |     3 ||     5
 Stab: Held in net/web   |       |       |       |     1 ||     1
  Eat: Chunk             |     1 |     4 |    10 |    16 ||    31
       Ration            |       |       |     1 |       ||     1
Armor: Scale mail        |    36 |    37 |   127 |       ||   200
       Plate armour      |       |       |    12 |   117 ||   129
Dodge: Dodged            |    33 |    29 |    94 |    41 ||   197
Block: Shield            |    47 |    75 |   203 |   160 ||   485
       Reflection        |       |     1 |     3 |     4 ||     8
